AoeStats
← Toucan Tim

Arena

504347754Analyzed
1v1 RM · 28d ago on Sep 5, 2026· 38m 52s· 2 players
Game mode
Random Map
Map size
Tiny (2 player)
Population
200
Speed
Normal
Resources
Standard
Victory
Conquest
Starting age
Dark Age
Ending age
Imperial Age
RankedLock teamsTeams togetherTeam positionsShared explorationLock speedFull tech treeHidden civsTurbo modeCheats
Victory
Defeat
🇺🇾 Bohemians · Uruguay
937
+16
🇺🇸 Bohemians · United States
937
-19
Toucan Tim
11:14 Feudal Age
15:13 Castle Age
14:39 Double-Bit Axe
14:46 Horse Collar
18:29 Bow Saw
23:15 Redemption
32:40 Imperial Age
30:51 Wheelbarrow
30:03 Loom
34:38 Chemistry
33:59 Ballistics
33:34 Murder Holes
33:45 Siege Engineers
34:41 Houfnice
37:28 Fervor
37:39 Sanctity
JulioApo
11:14 Feudal Age
15:27 Castle Age
13:37 Double-Bit Axe
13:47 Horse Collar
16:40 Bow Saw
17:06 Fervor
23:10 Loom
23:10 Town Watch
27:06 Chemistry
27:16 Fletching
30:31 Imperial Age
28:03 Guard Tower
30:17 Wheelbarrow
30:07 Bodkin Arrow
31:50 Conscription
33:55 Pikeman
34:35 Squires
34:03 Light Cavalry
34:44 Husbandry
35:18 Halberdier
36:50 Cavalier
37:46 Heavy Plow
39:50 Keep
Connection lost

Rejoining the realm…

Still unreachable

The connection could not be restored.

Session expired

The server has moved on; the page needs a fresh start.